 Dungeon Crawl Stone Soup version 0.29.1-1-gd02db6906a (webtiles) character file.

Game seed: 11918356243255366816

3098 raistware the Destroyer (level 9, 0/51 HPs)
             Began as an Octopode Conjurer on Oct 19, 2022.
             Slain by Pikel
             ... wielding a +1 whip of electrocution
              (7 damage)
             ... on level 7 of the Dungeon on Oct 20, 2022.
             The game lasted 00:17:49 (9655 turns).

raistware the Destroyer (Octopode Conjurer)         Turns: 9655, Time: 00:17:49

Health: 0/51       AC:  1    Str: 18 (19) XL:     9   Next: 90%
Magic:  1/18       EV: 13    Int: 22      God:
Gold:   278        SH:  0    Dex: 10 (12) Spells: 11/20 levels left

rFire   . . .      SeeInvis .   x - staff of earth
rCold   . . .      Faith    .   (no shield)
rNeg    . . .      Spirit   .   (helmet restricted)
rPois   .          Reflect  .   (no amulet)
rElec   .          Harm     .   n - +6 ring of strength
rCorr   .          Rampage  .   u - +6 ring of strength
Will    .....                   (no ring)
Stlth   +++.......              (no ring)
HPRegen 0.17/turn               (no ring)
MPRegen 0.16/turn               (no ring)
                                (no ring)
                                (no ring)

@: mighty, brilliant, attractive, very slightly contaminated
A: almost no armour, amphibious, 8 rings, camouflage 1, gelatinous body 1,
(nimble swimmer 1), tentacles
a: no special abilities


You were on level 7 of the Dungeon.
You visited 1 branch of the dungeon, and saw 7 of its levels.

You collected 278 gold pieces.

Inventory:

Hand Weapons
 l - a +0 short sword of venom
Missiles
 y - 5 poisoned darts
Magical Staves
 x - a staff of earth (weapon)
Jewellery
 n - a +6 ring of strength (left tentacle)
 u - a +6 ring of strength (right tentacle)
Wands
 h - a wand of flame (26)
 j - a wand of charming (5)
 s - a wand of mindburst (14)
 v - a wand of roots (7)
Scrolls
 a - 2 scrolls of blinking {unknown}
 c - a scroll of acquirement {unknown}
 e - 3 scrolls of enchant weapon {unknown}
 f - 7 scrolls of noise {unknown}
 g - 2 scrolls of enchant armour {unknown}
 i - 10 scrolls of identify {unknown}
 k - 3 scrolls of magic mapping {unknown}
 o - 3 scrolls of teleportation {unknown}
 q - 2 scrolls of fog {unknown}
 r - 2 scrolls of immolation {unknown}
Potions
 d - 2 potions of lignification
 t - a potion of brilliance
 w - a potion of attraction


   Skills:
 - Level 4.0 Dodging
 - Level 3.0 Stealth
 - Level 6.0 Spellcasting
 + Level 11.4 Conjurations
 - Level 2.0 Translocations
 - Level 2.0 Earth Magic
 - Level 2.0 Evocations


You had 11 spell levels left.
You knew the following spells:

 Your Spells              Type           Power      Damage    Failure   Level
a - Magic Dart            Conj           100%       1d8       1%          1
b - Iskenderun's Mystic   Conj/Tloc      53%        2d11      6%          4
c - Stone Arrow           Conj/Erth      100%       3d13      1%          3
z - Apportation           Tloc           46%        N/A       4%          1

Your spell library contained the following spells:

 Spells                   Type           Power      Damage    Failure   Level
 Foxfire                  Conj/Fire      100%       2x1d9     1%          1
 Shock                    Conj/Air       100%       1d9       1%          1
 Searing Ray              Conj           100%       2d8       1%          2
 Conjure Flame            Conj/Fire      47%        6-21      2%          3
 Dazzling Flash           Conj/Hex       94%        N/A       2%          3
 Necrotise                Necr           36%        1d5       9%          1
 Summon Small Mammal      Summ           36%        N/A       9%          1
 Flame Wave               Conj/Fire      47%        2d12      9%          4
 Fulminant Prism          Conj/Hex       23%        3d13      9%          4
 Inner Flame              Hex/Fire       9%         N/A       26%         3
 Swiftness                Air            9%         N/A       26%         3
 Airstrike                Air            4%         2d(1-17)  65%         4
 Alistair's Intoxication  Tmut/Pois      6%         N/A       94%         5
 Lehudib's Crystal Spear  Conj/Erth      34%        10d9      100%        8
 Animate Armour           Summ/Erth      Unusable   N/A       N/A         4

Dungeon Overview and Level Annotations

Branches:
Dungeon (7/15)
 Temple: D:4-7

Altars:
Qazlal
Wu Jian

Shops:
D:7 :

Annotations:
D:7 Pikel


Innate Abilities, Weirdness & Mutations

You cannot wear most types of armour.
You are amphibious.
You can wear up to eight rings at the same time.
Your skin changes colour to match your surroundings (Stealth+).
Your rubbery body absorbs attacks. (AC +1, EV +1)
((You are camouflaged when in or above water. (Stealth+)))
You have tentacles for arms and can constrict up to eight enemies at once.


Message History

The arrow barely misses you.
Pikel hits you with a +1 whip of electrocution!
* * * LOW HITPOINT WARNING * * *
The gnoll shouts!
Unknown command.
Casting: Iskenderun's Mystic Blast (dangerous; 6% risk of failure)
Confirm with . or Enter, or press ? or * to list all spells.
You erupt in a blast of force!
The mystic blast hits Pikel!
Pikel is almost dead.
Pikel is knocked back by the mystic blast.
The centaur shoots an arrow.
The arrow hits you.
* * * LOW HITPOINT WARNING * * *
The centaur shoots an arrow.
The arrow hits you!
* * * LOW HITPOINT WARNING * * *
Unknown command.
The centaur shoots an arrow.
The arrow closely misses you.
Pikel drinks a potion.
Pikel is healed!
There is an open door here.
It was a potion of brilliance.
You feel clever all of a sudden.
It was a potion of attraction.
You feel attractive to monsters.
Casting: Iskenderun's Mystic Blast (dangerous; 6% risk of failure)
Confirm with . or Enter, or press ? or * to list all spells.
You feel a surge of power!
You miscast Iskenderun's Mystic Blast.
Nothing appears to happen.
It was a potion of curing.
You feel better.
It was a potion of might.
You feel very mighty all of a sudden. Pikel closely misses you.
Aiming: Fastroot
Press: ? - help, Shift-Dir - straight line, f - lemure, p - Pikel
Aim: a lemure The roots erupt in riotous growth!
Roots grab Pikel.
Roots grab the lemure.
Roots grab the centaur.
The grasping roots constrict Pikel.
The grasping roots constrict the lemure.
The grasping roots constrict the centaur.
Pikel hits you with a +1 whip of electrocution!
You die...

#### #######.....#..........
...###....##.....#..........
.................#..........
.................#......c...
)..........).....#....g.....
#...##....##.....#..........
#.).##....##.....#.K........
.....'!..........#..........
.....#..........@#5.........
.....#...........K5g........
...[.#....##.....#c..$......
.....#....##.....#..........
#...##....##.....#..........
#...##....##>....#..........
#..........'.....#....?.....
#..........#.....#......####
# .......##.....#......#


You could see Pikel (rooted), a lemure (rooted), a centaur (rooted) and a gnoll.

Vanquished Creatures
  Grinder (D:5)
  2 water moccasins
  An orc warrior (D:6)
  2 ice beasts
  A sky beast (D:6)
  3 black bears
  4 ogres
  2 phantoms
  4 centaurs
  2 lemures (D:7)
  2 bullfrogs (D:6)
  5 scorpions
  5 killer bees (D:6)
  2 hounds
  4 orc priests
  A gnoll bouda (D:7)
  3 jellies
  An iguana (D:4)
  7 gnolls
  7 adders
  2 shadow imps
  2 white imps (D:6)
  An ufetubus (D:6)
  2 worms (D:3)
  A dart slug (D:4)
  21 orcs
  5 endoplasms
  3 giant cockroaches
  12 hobgoblins
  8 kobolds
  4 quokkas
  6 ball pythons
  5 bats
  3 frilled lizards
  7 goblins
  5 rats
146 creatures vanquished.

Vanquished Creatures (collateral kills)
  2 gnolls (D:3)
2 creatures vanquished.

Vanquished Creatures (others)
  2 gnolls (D:3)
2 creatures vanquished.

Grand Total: 150 creatures vanquished

Notes
Turn   | Place    | Note
-------+----------+-------------------------------------------
     0 | D:1      | raistware the Octopode Conjurer began the quest for the
                  | Orb.
     0 | D:1      | Reached XP level 1. HP: 11/11 MP: 3/3
   199 | D:1      | Reached XP level 2. HP: 17/17 MP: 0/5
   414 | D:1      | Found a faded altar of an unknown god.
  1429 | D:2      | Found an ornate altar of the Wu Jian Council.
  1497 | D:2      | Reached XP level 3. HP: 21/21 MP: 3/7
  2777 | D:3      | Reached XP level 4. HP: 27/27 MP: 6/10
  2859 | D:3      | Reached skill level 1 in Translocations
  3067 | D:3      | Reached XP level 5. HP: 31/31 MP: 9/11
  3072 | D:3      | Learned a level 4 spell: Iskenderun's Mystic Blast
  3740 | D:4      | Reached skill level 5 in Conjurations
  3740 | D:4      | Reached skill level 1 in Evocations
  3740 | D:4      | Reached XP level 6. HP: 33/36 MP: 5/12
  4400 | D:4      | Found a stormy altar of Qazlal.
  4448 | D:4      | Reached skill level 6 in Conjurations
  4723 | D:5      | Entered Level 5 of the Dungeon
  4734 | D:5      | Reached XP level 7. HP: 23/41 MP: 2/13
  5283 | D:5      | Learned a level 3 spell: Stone Arrow
  5312 | D:5      | Noticed Grinder
  5313 | D:5      | Paralysed by Grinder for 3 turns
  5325 | D:5      | Killed Grinder
  5326 | D:5      | Reached skill level 7 in Conjurations
  5606 | D:5      | Reached XP level 8. HP: 37/46 MP: 14/14
  5839 | D:5      | Reached skill level 8 in Conjurations
  6703 | D:6      | Reached skill level 5 in Spellcasting
  7002 | D:6      | Learned a level 1 spell: Apportation
  7025 | D:6      | Reached skill level 9 in Conjurations
  7068 | D:6      | HP: 2/46 [centaur/arrow (13)]
  7425 | D:6      | Reached XP level 9. HP: 51/51 MP: 7/17
  8041 | D:6      | Reached skill level 10 in Conjurations
  8967 | D:7      | Found Geackyil's Book Shoppe.
  9143 | D:7      | Reached skill level 11 in Conjurations
  9412 | D:7      | Noticed Pikel
  9645 | D:7      | HP: 1/51 [centaur/arrow (9)]
  9655 | D:7      | Slain by Pikel

Illustrated notes

Levels and vault maps discovered:
D:1:      dpeg_arrival_boxorama, layout_basic, ebering_ecumenical_altar_webs,
          st_stairs_4
D:2:      layout_basic, basic_altar
D:3:      layout_loops_cross
D:4:      layout_basic, nicolae_qazlal_general_emergency,
          minmay_misc_feat_pillars, kennysheep_generic_room_13
D:5:      layout_cave_pods, minmay_misc_feat_x, minmay_misc_feat_iff,
          uniq_grinder
D:6:      layout_layer_cave
D:7:      minmay_inner_zag, layout_gridville, minmay_temple_entry_nine_rooms,
          minmay_misc_feat_square, nicolae_stop_n_shop_1, minmay_crystal_water,
          uniq_pikel

Skill      XL: |  1  2  3  4  5  6  7  8  9 |
---------------+----------------------------+-----
Spellcasting   | 3 4 5 6 |  6.0
Translocations | 1 2 |  2.0
Stealth        | 3 |  3.0
Conjurations   | 5 6 7 9 11 | 11.4
Evocations     | 1 2 |  2.0
Earth Magic    | 2 |  2.0
Dodging        | 4 |  4.0

Action                   |  1- 3 |  4- 6 |  7- 9 || total
-------------------------+-------+-------+-------++-------
Melee: Unarmed           |    10 |       |       ||    10
       Constrict         |     2 |     6 |     7 ||    15
       Tentacles         |     1 |     4 |    12 ||    17
       Short sword       |       |    22 |    45 ||    67
       Staff             |       |       |     6 ||     6
 Cast: Magic Dart        |    98 |    78 |    56 ||   232
       Iskenderun's Myst |       |     1 |    11 ||    12
       Stone Arrow       |       |       |    59 ||    59
       Apportation       |       |       |     1 ||     1
Evoke: Wand              |     1 |     3 |     6 ||    10
  Use: Potion            |       |       |     7 ||     7
 Stab: Sleeping          |       |       |     1 ||     1
Armor: Skin              |     1 |       |    13 ||    14
Dodge: Dodged            |     7 |    19 |    50 ||    76
